AoeStats
← Lilliandil

Arabia

507650480Analyzed
1v1 RM · 13d ago on Sep 19, 2026· 21m 15s· 2 players
Game mode
Random Map
Map size
Tiny (2 player)
Population
200
Speed
Normal
Resources
Standard
Victory
Conquest
Starting age
Dark Age
Ending age
Imperial Age
RankedLock teamsTeams togetherTeam positionsShared explorationLock speedFull tech treeHidden civsTurbo modeCheats
Victory
Defeat
🇦🇺 Ethiopians · Australia
1053
+17
🇲🇽 Celts · Mexico
1067
-17
Lilliandil
10:38 Feudal Age
11:11 Double-Bit Axe
11:37 Loom
19:48 Fletching
23:34 Castle Age
ElBenja2020
13:16 Feudal Age
13:17 Man-at-Arms
14:42 Wheelbarrow
14:46 Double-Bit Axe
15:06 Loom
16:30 Horse Collar
Connection lost

Rejoining the realm…

Still unreachable

The connection could not be restored.

Session expired

The server has moved on; the page needs a fresh start.